 Dungeon Crawl Stone Soup version 0.26-a0-651-gb41185065b (webtiles) character file.

Game seed: 3305699398172777580

86 kae the Ruffian (level 4, 0/35 HPs)
             Began as a Draconian Transmuter on Oct 26, 2020.
             Killed from afar by Natasha (9 damage)
             ... with a magic dart
             ... on level 2 of the Dungeon.
             The game lasted 00:01:04 (1419 turns).

kae the Ruffian (Draconian Transmuter)              Turns: 1419, Time: 00:01:04

Health: 0/35       AC:  0    Str: 13    XL:     4   Next: 26%
Magic:  7/7        EV: 14    Int: 14    God:
Gold:   57         SH:  5    Dex: 11    Spells: 1/7 levels left

rFire    . . .     SeeInvis .     - Unarmed
rCold    . . .     Faith    .   (shield currently unavailable)
rNeg     . . .     Spirit   .   (armour unavailable)
rPois    .         Reflect  +   (helmet currently unavailable)
rElec    .         Harm     .   (cloak currently unavailable)
rCorr    .         Rampage  .   (gloves currently unavailable)
MR       .....                  (boots currently unavailable)
Stlth    +.........             a - amulet of reflection
HPRegen  0.11/turn              (ring currently unavailable)
MPRegen  0.10/turn              (ring currently unavailable)

@: pig-form (expiring), very quick
A: small, unfitting armour, AC +5
a: no special abilities


You were on level 2 of the Dungeon.
You were a filthy swine.
You visited 1 branch of the dungeon, and saw 2 of its levels.

You collected 57 gold pieces.

Inventory:

Armour
 c - a +0 pair of boots (melded)
Jewellery
 a - an amulet of reflection (around neck)
Scrolls
 b - a scroll of identify
 f - a scroll of blinking {unknown}
Potions
 d - a potion of might {unknown}
 e - 2 potions of brilliance {unknown}
 g - a potion of curing {unknown}


   Skills:
 - Level 1.1 Fighting
 - Level 1.7 Dodging
 * Level 4.5 Unarmed Combat
 - Level 2.0 Spellcasting
 + Level 3.0 Transmutations


You had one spell level left.
You knew the following spells:

 Your Spells              Type           Power        Failure   Level
a - Beastly Appendage     Tmut           ##....       7%          1
b - Wereblood             Tmut           ##......     11%         2
c - Spider Form           Tmut/Pois      #.........   36%         3

Your spell library contained the following spells:

 Spells                   Type           Power        Failure   Level
 Ice Form                 Ice/Tmut       #.......     77%         4
 Blade Hands              Tmut           ##........   88%         5


Dungeon Overview and Level Annotations

Branches:
Dungeon (2/15)

Altars:
Qazlal

Annotations:
D:2 Natasha


Innate Abilities, Weirdness & Mutations

((Your plain brown scales are hard. (AC +5)))
You cannot fit into any form of body armour.
((You are cold-blooded and may be slowed by cold attacks.))


Message History

You closely miss Natasha.
Natasha is heavily wounded.
Natasha mewls in sadness.
Natasha barely misses you.
The crimson imp grins evilly.
The shadow imp hits you.
You barely miss Natasha.
Natasha is heavily wounded.
Natasha casts a spell at you. You resist with some effort.
The shadow imp hits you.
* * * LOW HITPOINT WARNING * * *
You hit Natasha.
Natasha is severely wounded.
Natasha casts a spell.
The shadow imp closely misses you.
You barely miss Natasha.
Natasha is severely wounded.
Natasha casts a spell at you. The magic dart hits you!
You die...

#......>...###########.#
###........##........#.#.#
.#####'#.#.[...>...#.#.#.#
.# #.#.####.####.#...#.#
.#####.#.#.......#.#.#.#.#
....##.#.........#.#.#.#.#
..#.##..........>..#...#.#
..#.####################.##
..#..........55hh5........#
..#########################
(..(..)..................#
..######################.#
..# #.# ### #.# #### #.#
...# #.# ...####### #.#


You could see Natasha, a crimson imp (summoned) and 2 shadow imps.

Vanquished Creatures
  Natasha (twice) (D:2)
  2 adders (D:2)
  A giant cockroach (D:1)
  2 goblins (D:2)
  5 hobgoblins
  A bat (D:2)
  3 frilled lizards (D:1)
  3 kobolds
  A rat (D:1)
20 creatures vanquished.

Notes
Turn   | Place    | Note
-------+----------+-------------------------------------------
     0 | D:1      | kae the Draconian Transmuter began the quest for the Orb.
     0 | D:1      | Reached XP level 1. HP: 16/16 MP: 3/3
   456 | D:1      | Reached XP level 2. HP: 23/23 MP: 3/5
   460 | D:1      | Learned a level 2 spell: Wereblood
   656 | D:2      | Found a stormy altar of Qazlal.
   993 | D:2      | Reached XP level 3. HP: 22/28 MP: 4/6
  1050 | D:2      | Learned a level 3 spell: Spider Form
  1207 | D:2      | Noticed Natasha
  1218 | D:2      | Killed Natasha
  1218 | D:2      | Reached skill level 4 in Unarmed Combat
  1291 | D:2      | Noticed Natasha
  1300 | D:2      | Killed Natasha
  1300 | D:2      | Reached XP level 4. HP: 32/35 MP: 5/7
  1396 | D:2      | Noticed Natasha
  1419 | D:2      | Killed from afar by Natasha

Illustrated notes

Levels and vault maps discovered:
D:1:      scummos_arrival_star, layout_basic
D:2:      layout_basic, nicolae_qazlal_general_emergency, uniq_natasha

Skill      XL: |  1  2  3 |
---------------+----------+-----
Unarmed Combat | 4 |  4.5
Transmutations | 3 |  3.0
Fighting       | |  1.1
Dodging        | |  1.7
Spellcasting   | |  2.0

Action                   |  1- 3 |  4- 6 || total
-------------------------+-------+-------++-------
Melee: Unarmed           |    49 |    19 ||    68
       Tailslap          |     5 |       ||     5
       Kick              |     4 |       ||     4
       Headbutt          |     6 |       ||     6
       Punch             |     1 |       ||     1
 Cast: Beastly Appendage |    13 |     1 ||    14
  Use: Scroll            |     2 |       ||     2
Armor: Skin              |    11 |       ||    11
Dodge: Dodged            |    31 |     7 ||    38
Block: Other             |     3 |     2 ||     5
       Reflection        |     2 |       ||     2

Table legend: (Time is in decaauts)
 A = Elapsed time spent in this place.
 B = Non-inter-level travel time spent in this place.
 C = Inter-level travel time spent in this place.
 D = Time resting spent in this place.
 E = Time spent auto-exploring this place.
 F = Levels seen in this place.
 G = Mean time per level.
                   A        B        C        D        E       F      G
               +--------+--------+--------+--------+--------+-----+--------+
         Total |   1423 |   1413 |     10 |     60 |   1137 |   2 |  711.5 |
       Dungeon |   1423 |   1413 |     10 |     60 |   1137 |   2 |  711.5 |
               +--------+--------+--------+--------+--------+-----+--------+

Top non-repeatable levels by time:
     D:2: 780 daAuts
     D:1: 643 daAuts
